 Dungeon Crawl Stone Soup version 0.21.1-1-g345015f (webtiles) character file.

1630 suicidejoker the Martial Artist (level 8, -6/52 HPs)
             Began as an Octopode Monk on May 14, 2018.
             Was an Initiate of Gozag.
             Shot with an arrow by a centaur (13 damage)
             ... on level 7 of the Dungeon on May 15, 2018.
             The game lasted 00:15:34 (5956 turns).

suicidejoker the Martial Artist (Octopode Monk)     Turns: 5956, Time: 00:15:35

Health: -6/52      AC:  1    Str: 13    XL:     8   Next: 97%
Magic:  8/8        EV: 14    Int: 14    God:    Gozag
Gold:   584        SH:  3    Dex: 14    Spells: 7/7 levels left

rFire    . . .     SeeInvis .   e - +2 dagger (speed)
rCold    + . .     Gourm    .   (no shield)
rNeg     . . .     Faith    .   (helmet restricted)
rPois    .         Spirit   .   r - +3 amulet of reflection
rElec    .         Reflect  +   (no ring)
rCorr    .         Harm     .   (no ring)
MR       .....     Rnd*Rage +   (no ring)
Stlth    +++++.....             (no ring)
HPRegen  0.17/turn              (no ring)
MPRegen  0.11/turn              (no ring)
                                (no ring)
                                (no ring)

@: gold aura
A: almost no armour, stealthy swim, amphibious, 8 rings, constrict 8, tentacle
spike 1, camouflage 1, berserk 1, clever 1, cold resistance 1, gelatinous body 1
a: Potion Petition, Call Merchant, Bribe Branch, Renounce Religion


You were on level 7 of the Dungeon.
You worshipped Gozag.
Gozag was pleased with you.
You were not hungry.

You visited 2 branches of the dungeon, and saw 8 of its levels.

You collected 584 gold pieces.

Inventory:

Hand Weapons
 e - a +2 dagger of speed (weapon)
 p - a +0 short sword of electrocution
 t - a +0 shortbow
 x - a +2 hand axe of electrocution
 z - a +3 hand axe of freezing
Missiles
 f - 24 poisoned needles
 j - 159 stones (quivered)
 k - 20 sling bullets
 m - 8 needles of frenzy
 n - 23 bolts
 u - 98 arrows
 y - a throwing net
 B - 2 tomahawks
Jewellery
 g - an uncursed ring of ice
 r - a +3 amulet of reflection (around mantle)
 C - a +2 amulet of reflection
Wands
 s - a wand of digging (13)
Scrolls
 b - 2 scrolls of identify
 c - a scroll of enchant armour
 d - 4 scrolls of teleportation
 A - a scroll of remove curse
Potions
 o - a potion of berserk rage
 q - a potion of agility
 v - a potion of cancellation
 w - 2 potions of invisibility
Books
 D - a book of Air

   Spells                             Type                      Level
   a - Shock                          Conjuration/Air              1
   b - Swiftness                      Charms/Air                   2
   c - Static Discharge               Conjuration/Air              3
   d - Airstrike                      Air                          4
   e - Lightning Bolt                 Conjuration/Air              5
Comestibles
 a - 5 rations


   Skills:
 - Level 3.0 Fighting
 + Level 5.1 Short Blades
 - Level 3.0 Dodging
 + Level 8.2 Stealth
 * Level 8.5 Unarmed Combat


You had 7 spell levels left.
You didn't know any spells.

Dungeon Overview and Level Annotations

Branches:
Dungeon (7/15)             Temple (1/1) D:4

Altars:
Dithmenos
Gozag
Nemelex Xobeh
Qazlal
Wu Jian
The Shining One

Annotations:
D:5 Fang's ghost, novice GrBe


Innate Abilities, Weirdness & Mutations

You cannot wear most types of armour.
You are very stealthy in the water. (Stealth+)
You are amphibious.
You can wear up to eight rings at the same time.
You can use your tentacles to constrict eight enemies at once.
Your skin changes colour to match your surroundings (Stealth+).
Your rubbery body absorbs attacks. (AC +1, EV +1)
One of your tentacles bears a spike.
You tend to lose your temper in combat.
Your mind is acute. (Int +2)
Your flesh is cold resistant. (rC+)


Message History

The orc is moderately wounded.
You constrict the orc. The centaur misses you.
You hit the orc but do no damage.
You pierce the orc, but do no damage.
The orc is heavily wounded.
You constrict the orc. The orc barely misses you.
You hit the orc.
You pierce the orc, but do no damage.
The orc is severely wounded.
You constrict the orc.
You kill the orc!
The centaur misses you.
The orc throws a stone.
You reflect the stone off an invisible shield around you!
The stone hits the centaur but does no damage.
You hit the centaur.
The centaur is heavily wounded.
The centaur hits you!
* * * LOW HITPOINT WARNING * * *
The centaur wields an uncursed shortbow.
The centaur shoots an arrow.
The arrow hits you!
You die...
Your body crumbles into a pile of gold.

#. #.# ..### ##
#>..# ..######## #
#.#.# #..oo$...# #.
#.#o##.# ##.g.###.#
#.###.$c...# #.#$#
..# #...#..#
#.#$##.######..@(#
##.#gY..g...###$..##
#g.##..####(###($..#
..###.##
#...#g##...#
#####$#######.<.#
####
#$.#....(..(.####
#.#$.####.......#
... .## #.......#
..... .# #.......#


You could see a centaur, a gnoll and an orc.

Vanquished Creatures
  A black bear (D:7)
  An ice beast (D:7)
  A sky beast (D:6)
  An orc warrior (D:7)
  2 phantoms
  3 centaurs
  2 bullfrogs (D:6)
  4 scorpions
  A hound (D:5)
  2 orc priests
  An orc wizard (D:7)
  4 iguanas
  4 worker ants
  A worker ant zombie (D:7)
  8 gnolls
  3 adders
  A shadow imp (D:6)
  A dart slug (D:2)
  6 leopard geckos
  12 orcs
  4 bats
  4 giant cockroaches
  4 goblins
  10 hobgoblins
  7 jackals
  5 kobolds
  2 quokkas
  A ball python (D:3)
  4 frilled lizards
  10 rats
110 creatures vanquished.

Notes
Turn   | Place    | Note
-------+----------+-------------------------------------------
     0 | D:1      | suicidejoker the Octopode Monk began the quest for the Orb.
     0 | D:1      | Reached XP level 1. HP: 16/16 MP: 1/1
     6 | D:1      | Noticed a killer bee
     6 | D:1      | Noticed a lindwurm
     6 | D:1      | Noticed a black bear
     6 | D:1      | Noticed a wyvern
   264 | D:1      | Reached XP level 2. HP: 18/21 MP: 2/2
   773 | D:1      | Reached XP level 3. HP: 26/26 MP: 3/3
  1146 | D:2      | Reached skill level 1 in Short Blades
  1298 | D:2      | Noticed a phantom
  1315 | D:2      | Killed a phantom
  1315 | D:2      | Reached XP level 4. HP: 10/31 MP: 4/4
  1315 | D:2      | Reached XP level 5. HP: 12/36 MP: 5/5
  2101 | D:3      | You fall through a shaft for 2 floors!
  2101 | D:5      | Entered Level 5 of the Dungeon
  2101 | D:5      | Noticed a centaur
  2103 | D:5      | Killed a centaur
  2103 | D:5      | Reached skill level 5 in Unarmed Combat
  2122 | D:5      | Reached XP level 6. HP: 42/42 MP: 6/6
  2147 | D:5      | Noticed a phantom
  2159 | D:5      | Reached skill level 5 in Stealth
  2162 | D:5      | Killed a phantom
  2317 | D:5      | Noticed Fang's ghost (novice GrBe)
  2515 | D:4      | Reached XP level 7. HP: 41/46 MP: 7/7
  2610 | D:4      | Found a staircase to the Ecumenical Temple.
  2705 | Temple   | Entered the Ecumenical Temple
  2710 | Temple   | Became a worshipper of Gozag Ym Sagoz the Greedy
  4291 | D:6      | Reached XP level 8. HP: 36/52 MP: 8/8
  5032 | D:6      | Gained mutation: One of your tentacles bears a spike. [potion of mutation]
  5032 | D:6      | Gained mutation: You are somewhat resistant to further mutation. [potion of mutation]
  5033 | D:6      | Lost mutation: One of your tentacles bears a spike. [potion of mutation]
  5033 | D:6      | Lost mutation: You are somewhat resistant to further mutation. [potion of mutation]
  5033 | D:6      | Gained mutation: You have an increased reservoir of magic. (+10% MP) [potion of mutation]
  5033 | D:6      | Gained mutation: You are somewhat resistant to further mutation. [potion of mutation]
  5034 | D:6      | Lost mutation: You have an increased reservoir of magic. (+10% MP) [potion of mutation]
  5034 | D:6      | Lost mutation: You are somewhat resistant to further mutation. [potion of mutation]
  5034 | D:6      | Gained mutation: You tend to lose your temper in combat. [potion of mutation]
  5034 | D:6      | Gained mutation: Your mind is acute. (Int +2) [potion of mutation]
  5034 | D:6      | Gained mutation: Your flesh is cold resistant. (rC+) [potion of mutation]
  5034 | D:6      | Gained mutation: One of your tentacles bears a spike. [potion of mutation]
  5126 | D:7      | HP: 1/52 [ice beast (7)]
  5770 | D:7      | Reached skill level 5 in Short Blades
  5956 | D:7      | Shot with an arrow by a centaur

Skill      XL: |  1  2  3  4  5  6  7  8 |
---------------+-------------------------+-----
Stealth        | 3 4 5 6 8 |  8.2
Short Blades   | 1 2 3 4 5 |  5.1
Unarmed Combat | 4 5 7 8 |  8.5
Fighting       | |  3.0
Dodging        | |  3.0

Action                   |  1- 3 |  4- 6 |  7- 9 || total
-------------------------+-------+-------+-------++-------
Melee: Unarmed           |    16 |       |       ||    16
       Constrict         |    15 |    10 |    33 ||    58
       Tentacles         |    12 |    13 |    39 ||    64
       Punch             |     3 |       |    13 ||    16
       Dagger            |    70 |    62 |   129 ||   261
       Short sword       |       |       |    54 ||    54
       Kick              |       |       |    19 ||    19
  Use: Potion            |       |     2 |     9 ||    11
       Scroll            |       |       |    13 ||    13
 Stab: Sleeping          |    12 |     4 |    11 ||    27
  Eat: Ration            |       |     1 |     3 ||     4
       Chunk             |       |     1 |     1 ||     2
Armor: Skin              |     5 |     7 |     4 ||    16
Dodge: Dodged            |    40 |    39 |    84 ||   163
Block: Other             |       |       |     6 ||     6
       Reflection        |       |       |     1 ||     1
